Canucks vs Blue Jackets

Created - April 17, 2018 at 19:01

Goals
1 2 3 T
Canucks 1 1 0 2
Blue Jackets 3 0 0 3
Shots
1 2 3 T
Canucks 11 10 8 29
Blue Jackets 11 5 10 26

1st period

1. Canucks , Maxim Lapierre 11 (Danny DeKeiser 5, Shaone Morrisonn 13) at 5:44
2. Blue Jackets , Mike Brown 15 (Kevin Porter 15, Ryan O'Byrne 15) at 8:06
3. Blue Jackets , Peter Mueller 24 (Martin Havlat 47, Kevin Porter 16) at 13:34
4. Blue Jackets , Peter Mueller 25 (Martin Havlat 48) at 17:42

Penalties :
Brad Boyes (Van) for High sticking (Minor) at 2:37

2nd period

5. Canucks , Mike Ribeiro 35 (Jamie McBain 48, Brad Boyes 50) at 0:59

Penalties :
Martin Havlat (Clb) for Slashing (Minor) at 3:57

3rd period

No Goal

Penalties :
David Booth (Clb) for Goalie Interference (Minor) at 12:21, Mike Brown (Clb) for Hooking (Minor) at 17:16

Goalie Stats

Michal Neuvirth (Van), 23 saves from 26 shots - (0.885), L, 46-13-6, 59:17 minutes
Rick DiPietro (Clb), 27 saves from 29 shots - (0.931), W, 30-32-3, 60:00 minutes

Players Stats for Canucks

Player Name              G  A  P  +/- PIM S  H  SB GA TA FO     MP     PP MP  PK MP  
------------------------------------------------------------------------------------
Alex Goligoski           0  0  0  -2  0   7  0  1  1  1  0/0    30:16   4:36   0:49 
Ben Lovejoy              0  0  0   0  0   1  1  0  1  0  0/0    18:18   1:21   1:10 
Brad Boyes               0  1  1  -1  2   1  2  0  0  0  1/3    25:05   2:51   0:00 
Chris Higgins            0  0  0  -1  0   2  1  0  2  0  0/0    17:13   2:54   1:03 
Clarke MacArthur         0  0  0  -1  0   4  1  0  0  0  2/4    24:23   2:51   0:56 
Danny DeKeiser           0  1  1   1  0   1  0  1  0  0  0/0    16:13   4:36   0:00 
Darren Helm              0  0  0   0  0   1  1  0  0  0  0/0     6:50   0:00   0:33 
Jamie McBain             0  1  1  -2  0   1  2  4  1  1  0/0    27:50   1:21   0:49 
Jiri Hudler              0  0  0  -1  0   1  1  0  1  0  0/1    14:57   0:12   0:00 
Martins Karsums          0  0  0   0  0   0  2  0  0  0  0/0     4:08   2:54   0:00 
Matt Stajan              0  0  0  -1  0   2  3  0  0  0  4/6    14:36   0:12   0:00 
Maxim Lapierre           1  0  1   1  0   2  0  0  0  0  2/5    12:08   0:00   0:00 
Mike Ribeiro             1  0  1  -1  0   2  3  0  0  0  21/33  24:00   2:51   1:03 
Nik Antropov             0  0  0   0  0   1  0  0  1  0  2/2     9:34   2:54   0:23 
Peter Prucha             0  0  0   1  0   1  3  0  0  0  0/1    12:08   0:00   0:00 
Ryan Hollweg             0  0  0   1  0   1  3  1  0  0  1/1    12:58   0:12   0:00 
Sami Lepisto             0  0  0   0  0   0  1  0  0  0  0/0    15:01   0:00   0:00 
Shaone Morrisonn         0  1  1   1  0   1  0  0  0  1  0/0    12:22   0:00   1:10 

Players Stats for Blue Jackets

Player Name              G  A  P  +/- PIM S  H  SB GA TA FO     MP     PP MP  PK MP  
------------------------------------------------------------------------------------
A.J Thelen               0  0  0   0  0   0  0  0  0  0  0/0     6:56   0:00   0:00 
Andreas Nodl             0  0  0   0  0   1  1  0  0  0  0/0    13:59   0:00   0:00 
Branislav Mezei          0  0  0  -2  0   0  2  4  0  0  0/0    23:53   1:05   2:48 
Dave Steckel             0  0  0   1  0   1  0  1  0  1  4/13   17:08   0:58   1:15 
David Booth              0  0  0   0  2   4  1  2  0  0  4/6    24:37   1:01   2:06 
François Beauchemin      0  0  0   1  0   2  0  2  0  1  0/0    19:07   0:54   2:47 
Jeff Taffe               0  0  0   0  0   0  2  0  0  0  0/0    10:09   0:00   2:12 
Kevin Porter             0  2  2   0  0   0  1  0  0  1  3/7    15:43   0:00   2:07 
Martin Havlat            0  2  2   0  2   8  1  0  1  0  0/0    24:30   1:01   1:48 
Mike Brown               1  0  1   1  2   2  1  0  0  0  0/0    15:45   0:58   0:00 
Mike Commodore           0  0  0   0  0   1  0  0  0  0  0/0     6:23   0:00   0:10 
Mike Lundin              0  0  0  -2  0   2  2  0  0  3  0/0    23:30   1:05   3:00 
Mike York                0  0  0   0  0   1  1  0  0  0  1/1    15:05   0:00   1:36 
Peter Mueller            2  0  2   0  0   3  1  0  1  0  11/28  19:41   1:01   0:13 
Peter Worrell            0  0  0   1  0   1  2  0  0  0  0/1    15:59   0:58   0:37 
Ryan O'Byrne             0  1  1   1  0   0  1  0  1  1  0/0    19:01   0:54   2:47 
Tim Ramholt              0  0  0   2  0   0  0  0  0  0  0/0    11:28   0:00   0:22 
Torey Krug               0  0  0   2  0   0  0  0  0  0  0/0    11:06   0:00   0:00 

3 Stars

1 - Peter Mueller (Clb)
2 - Kevin Porter (Clb)
3 - Maxim Lapierre (Van)

Power Play

Canucks - 0 on 3 Attempt(s) - 0.00%
Blue Jackets - 0 on 1 Attempt(s) - 0.00%

Penalty Kill

Canucks - 1 on 1 Attempt(s) - 100.00% - Score 0 goal in Penalty Kill
Blue Jackets - 3 on 3 Attempt(s) - 100.00% - Score 0 goal in Penalty Kill

Team Stat

Canucks - Hits : 24 - Faceoff Wins : 33 - Blocked Shots : 7 - Penalty Minutes : 2
Blue Jackets - Hits : 16 - Faceoff Wins : 23 - Blocked Shots : 9 - Penalty Minutes : 6

Official

Referees : O'Rourke Dan and Charron Francis
Linesman : Brad Lazarowich and Don Henderson

Game Notes

No Game Note

Finance

Level 1 -- Attendance: 4385 (73.08%) -- Ticket Income $416,575
Level 2 -- Attendance: 3416 (68.32%) -- Ticket Income $204,960
Level 3 -- Attendance: 1960 (98.00%) -- Ticket Income $68,600
Level 4 -- Attendance: 3456 (86.40%) -- Ticket Income $86,400
Luxury Box -- Attendance: 600 (60.00%) -- Ticket Income $114,000
Game was played at the Ohio State Arena.
Total Attendance: 13817 (76.76%)
Total Ticket Income: $890,535
Other Income: $133,580
Total Income: $1,024,115

Canucks

5 vs 5 Forward 
   Center                   Left Wing                Right Wing               Time % Phy DF OF 
 1 Mike Ribeiro             Clarke MacArthur         Brad Boyes               60     0   0  5  
 2 Matt Stajan              Chris Higgins            Jiri Hudler              22     0   0  5  
 3 Maxim Lapierre           Ryan Hollweg             Peter Prucha             14     0   2  3  
 4 Nik Antropov             Darren Helm              Brad Boyes               4      0   3  2  

5 vs 5 Defense 
   Defense                  Defense                                           Time % Phy DF OF 
 1 Jamie McBain             Alex Goligoski                                    62     0   0  5  
 2 Ben Lovejoy              Sami Lepisto                                      20     0   0  5  
 3 Shaone Morrisonn         Danny DeKeiser                                    12     0   3  2  
 4 Alex Goligoski           Danny DeKeiser                                    6      0   0  5  

PowerPlay Forward 
   Center                   Left Wing                Right Wing               Time % Phy DF OF 
 1 Mike Ribeiro             Clarke MacArthur         Brad Boyes               80     0   0  5  
 2 Nik Antropov             Chris Higgins            Martins Karsums          20     0   0  5  

PowerPlay Defense
   Defense                  Defense                                           Time % Phy DF OF 
 1 Danny DeKeiser           Alex Goligoski                                    80     0   0  5  
 2 Ben Lovejoy              Jamie McBain                                      20     0   0  5  

Penalty Kill 4 Players Forward 
   Center                   Wing                     Time % Phy DF OF 
 1 Mike Ribeiro             Brad Boyes               60     1   2  2  
 2 Clarke MacArthur         Nik Antropov             40     1   2  2  

Penalty Kill 4 Players Defense
   Defense                  Defense                  Time % Phy DF OF 
 1 Shaone Morrisonn         Ben Lovejoy              60     1   2  2  
 2 Jamie McBain             Alex Goligoski           40     1   2  2  

Penalty Kill - 3 Players Forward 
   Forward                                           Time % Phy DF OF 
 1 Mike Ribeiro                                      60     1   2  2  
 2 Brad Boyes                                        40     1   2  2  

Penalty Kill - 3 Players Defense
   Defense                  Defense                  Time % Phy DF OF 
 1 Alex Goligoski           Shaone Morrisonn         60     1   2  2  
 2 Jamie McBain             Alex Goligoski           40     1   2  2  

4 vs 4 Forward 
   Center                   Wing                     Time % Phy DF OF 
 1 Mike Ribeiro             Brad Boyes               60     0   0  5  
 2 Clarke MacArthur         Nik Antropov             40     1   2  2  

4 vs 4 Defense
   Defense                  Defense                  Time % Phy DF OF 
 1 Jamie McBain             Alex Goligoski           60     0   0  5  
 2 Ben Lovejoy              Alex Goligoski           40     1   2  2  

Last Minutes Offensive
   Center                   Left Wing                Right Wing               Defense                  Defense                  
   Mike Ribeiro             Clarke MacArthur         Brad Boyes               Alex Goligoski           Jamie McBain             

Last Minutes Defensive
   Center                   Left Wing                Right Wing               Defense                  Defense                  
   Mike Ribeiro             Clarke MacArthur         Brad Boyes               Shaone Morrisonn         Alex Goligoski           

Goaltenders
Starting : Michal Neuvirth          
Backup : Karri Ramo               

Extra Forwards
Normal : Matt Stajan, Ryan Hollweg, Clarke MacArthur - PP : Matt Stajan, Ryan Hollweg - PK : Chris Higgins
Extra Defensemen
Normal : Ben Lovejoy, Sami Lepisto, Jamie McBain - PP : Shaone Morrisonn - PK : Sami Lepisto, Jamie McBain
Penalty Shots
Mike Ribeiro, Brad Boyes, Clarke MacArthur, Nik Antropov, Jiri Hudler

Scratches
Jordan LaVallee (Healthy), Stefan Ruzicka (Healthy)

Blue Jackets

5 vs 5 Forward 
   Center                   Left Wing                Right Wing               Time % Phy DF OF 
 1 Peter Mueller            David Booth              Martin Havlat            40     1   2  2  
 2 Dave Steckel             Peter Worrell            Mike Brown               30     1   2  2  
 3 Kevin Porter             Mike York                Andreas Nodl             20     1   2  2  
 4 David Booth              Jeff Taffe               Martin Havlat            10     1   2  2  

5 vs 5 Defense 
   Defense                  Defense                                           Time % Phy DF OF 
 1 Mike Lundin              Branislav Mezei                                   40     1   2  2  
 2 Ryan O'Byrne             François Beauchemin                               30     1   2  2  
 3 Torey Krug               Tim Ramholt                                       20     1   2  2  
 4 Mike Commodore           A.J Thelen                                        10     1   2  2  

PowerPlay Forward 
   Center                   Left Wing                Right Wing               Time % Phy DF OF 
 1 Peter Mueller            David Booth              Martin Havlat            60     1   2  2  
 2 Dave Steckel             Peter Worrell            Mike Brown               40     1   2  2  

PowerPlay Defense
   Defense                  Defense                                           Time % Phy DF OF 
 1 Mike Lundin              Branislav Mezei                                   60     1   2  2  
 2 Ryan O'Byrne             François Beauchemin                               40     1   2  2  

Penalty Kill 4 Players Forward 
   Center                   Wing                     Time % Phy DF OF 
 1 David Booth              Martin Havlat            60     1   2  2  
 2 Peter Worrell            Mike York                40     1   2  2  

Penalty Kill 4 Players Defense
   Defense                  Defense                  Time % Phy DF OF 
 1 Mike Lundin              Branislav Mezei          60     1   2  2  
 2 Ryan O'Byrne             François Beauchemin      40     1   2  2  

Penalty Kill - 3 Players Forward 
   Forward                                           Time % Phy DF OF 
 1 David Booth                                       60     1   2  2  
 2 Martin Havlat                                     40     1   2  2  

Penalty Kill - 3 Players Defense
   Defense                  Defense                  Time % Phy DF OF 
 1 Mike Lundin              Branislav Mezei          60     1   2  2  
 2 Ryan O'Byrne             François Beauchemin      40     1   2  2  

4 vs 4 Forward 
   Center                   Wing                     Time % Phy DF OF 
 1 David Booth              Martin Havlat            60     1   2  2  
 2 Peter Worrell            Mike York                40     1   2  2  

4 vs 4 Defense
   Defense                  Defense                  Time % Phy DF OF 
 1 Mike Lundin              Branislav Mezei          60     1   2  2  
 2 Ryan O'Byrne             François Beauchemin      40     1   2  2  

Last Minutes Offensive
   Center                   Left Wing                Right Wing               Defense                  Defense                  
   Peter Mueller            David Booth              Martin Havlat            Mike Lundin              Branislav Mezei          

Last Minutes Defensive
   Center                   Left Wing                Right Wing               Defense                  Defense                  
   Peter Mueller            David Booth              Martin Havlat            Mike Lundin              Branislav Mezei          

Goaltenders
Starting : Rick DiPietro            
Backup : Keith Kinkaid            

Extra Forwards
Normal : Andreas Nodl, Jeff Taffe, Kevin Porter - PP : Andreas Nodl, Jeff Taffe - PK : Kevin Porter
Extra Defensemen
Normal : Torey Krug, Tim Ramholt, Mike Commodore - PP : Torey Krug - PK : Tim Ramholt, Mike Commodore
Penalty Shots
David Booth, Martin Havlat, Peter Worrell, Mike York, Mike Brown

Scratches
Antti Miettinen (Healthy), Jan Bulis (Healthy), Patrick O'Sullivan (Healthy)

% Time on Ice - Canucks

Lines # - Real PCT - Wanted PCT - Time Play
Normal Forward
1 - 39% - 60% - 19:51
2 - 26% - 22% - 13:15
3 - 24% - 14% - 12:08
4 - 12% - 4% - 6:17
Normal Defense
1 - 48% - 62% - 24:49
2 - 30% - 20% - 15:12
3 - 22% - 12% - 11:11
4 - 1% - 6% - 0:19
PP Forward
1 - 51% - 80% - 3:03
2 - 49% - 20% - 2:54
PP Defense
1 - 77% - 80% - 4:36
2 - 23% - 20% - 1:21
PK Forward
1 - 81% - 60% - 1:36
2 - 19% - 40% - 0:23
PK Defense
1 - 59% - 60% - 1:10
2 - 41% - 40% - 0:49
PK3 Forward
1 - 0% - 60%
2 - 0% - 40%
PK3 Defense
1 - 0% - 60%
2 - 0% - 40%
44 Forward
1 - 0% - 60%
2 - 0% - 40%
44 Defense
1 - 0% - 60%
2 - 0% - 40%
Last Minute Offensive  - 0:33
Last Minute Defensive  - 0:00
Total
Forward - 60:00
Defense - 60:00

% Time on Ice - Blue Jackets

Lines # - Real PCT - Wanted PCT - Time Play
Normal Forward
1 - 35% - 40% - 18:00
2 - 29% - 30% - 14:46
3 - 26% - 20% - 13:15
4 - 11% - 10% - 5:25
Normal Defense
1 - 37% - 40% - 18:47
2 - 30% - 30% - 15:20
3 - 22% - 20% - 11:06
4 - 12% - 10% - 6:13
PP Forward
1 - 51% - 60% - 1:01
2 - 49% - 40% - 0:58
PP Defense
1 - 55% - 60% - 1:05
2 - 45% - 40% - 0:54
PK Forward
1 - 90% - 60% - 5:20
2 - 10% - 40% - 0:37
PK Defense
1 - 53% - 60% - 3:10
2 - 47% - 40% - 2:47
PK3 Forward
1 - 0% - 60%
2 - 0% - 40%
PK3 Defense
1 - 0% - 60%
2 - 0% - 40%
44 Forward
1 - 0% - 60%
2 - 0% - 40%
44 Defense
1 - 0% - 60%
2 - 0% - 40%
Last Minute Offensive  - 0:00
Last Minute Defensive  - 0:38
Total
Forward - 60:00
Defense - 60:00

Play by Play

1st period


0:01 of 1st period - Mike Ribeiro wins face-off versus Peter Mueller in neutral zone.
0:06 of 1st period - Martin Havlat is hit by Brad Boyes and loses puck.
0:29 of 1st period - Snap shot by Chris Higgins.
0:29 of 1st period - Stopped by Rick DiPietro without a rebound.
0:30 of 1st period - Ryan Hollweg wins face-off versus Dave Steckel in Blue Jackets zone.
0:41 of 1st period - Backhand shot by Maxim Lapierre.
0:41 of 1st period - Stopped by Rick DiPietro without a rebound.
0:42 of 1st period - Kevin Porter wins face-off versus Mike Ribeiro in Blue Jackets zone.
0:57 of 1st period - Snap shot by Clarke MacArthur.
0:57 of 1st period - Stopped by Rick DiPietro with a rebound.
1:07 of 1st period - Matt Stajan is hit by David Booth.
1:51 of 1st period - Wrist shot by Mike Ribeiro.
1:51 of 1st period - Stopped by Rick DiPietro with a rebound.
2:13 of 1st period - Snap shot by Chris Higgins.
2:13 of 1st period - Shot Misses the Net.
2:15 of 1st period - Slapshot by Chris Higgins.
2:15 of 1st period - Stopped by Rick DiPietro without a rebound.
2:16 of 1st period - Dave Steckel wins face-off versus Mike Ribeiro in Blue Jackets zone.
2:25 of 1st period - Wrist shot by Branislav Mezei.
2:25 of 1st period - Shot Misses the Net.
2:37 of 1st period - Minor Penalty to Brad Boyes for High sticking.
2:38 of 1st period - Mike Ribeiro wins face-off versus Peter Mueller in Canucks zone.
3:57 of 1st period - Mike Brown is hit by Jamie McBain and loses puck.
4:37 of 1st period - Penalty to Brad Boyes is over, Brad Boyes is back on ice.
4:50 of 1st period - François Beauchemin is hit by Peter Prucha and loses puck.
4:56 of 1st period - Icing by Ryan O'Byrne.
4:57 of 1st period - Nik Antropov wins face-off versus Kevin Porter in Blue Jackets zone.
5:18 of 1st period - Slapshot by Mike York.
5:18 of 1st period - Shot Blocked by Ryan Hollweg.
5:20 of 1st period - Slapshot by Mike Commodore.
5:20 of 1st period - Shot Misses the Net.
5:22 of 1st period - Snap shot by Kevin Porter.
5:22 of 1st period - Shot Blocked by Alex Goligoski.
5:24 of 1st period - Wrist shot by Mike Commodore.
5:24 of 1st period - Stopped by Michal Neuvirth without a rebound.
5:25 of 1st period - Peter Mueller wins face-off versus Maxim Lapierre in Canucks zone.
5:30 of 1st period - Snap shot by Peter Mueller.
5:30 of 1st period - Shot Misses the Net.
5:38 of 1st period - Slapshot by Maxim Lapierre.
5:38 of 1st period - Shot Misses the Net.
5:40 of 1st period - Snap shot by Shaone Morrisonn.
5:40 of 1st period - Stopped by Rick DiPietro with a rebound.
5:42 of 1st period - Slapshot by Maxim Lapierre.
5:42 of 1st period - Shot Misses the Net.
5:44 of 1st period - Slapshot by Danny DeKeiser.
5:44 of 1st period - Deflect By Maxim Lapierre.
5:44 of 1st period - Goal by Maxim Lapierre - Canucks : 1 - Blue Jackets : 0.
5:45 of 1st period - Clarke MacArthur wins face-off versus Peter Mueller in neutral zone.
5:48 of 1st period - Wrist shot by Brad Boyes.
5:48 of 1st period - Shot Misses the Net.
6:23 of 1st period - Snap shot by Jamie McBain.
6:23 of 1st period - Shot Misses the Net.
6:53 of 1st period - Martin Havlat is hit by Mike Ribeiro and loses puck.
7:23 of 1st period - Mike Lundin is hit by Sami Lepisto and loses puck.
7:40 of 1st period - Slapshot by Kevin Porter.
7:40 of 1st period - Deflect By Mike York.
7:40 of 1st period - Shot Misses the Net.
7:40 of 1st period - Puck is out of play.
7:41 of 1st period - Brad Boyes wins face-off versus Kevin Porter in Canucks zone.
8:06 of 1st period - Wrist shot by Mike Brown.
8:06 of 1st period - Goal by Mike Brown - Canucks : 1 - Blue Jackets : 1.
8:07 of 1st period - Peter Mueller wins face-off versus Mike Ribeiro in neutral zone.
8:10 of 1st period - Snap shot by Martin Havlat.
8:10 of 1st period - Stopped by Michal Neuvirth without a rebound.
8:11 of 1st period - Peter Mueller wins face-off versus Clarke MacArthur in Canucks zone.
8:16 of 1st period - Slapshot by David Booth.
8:16 of 1st period - Shot Misses the Net.
8:18 of 1st period - Slapshot by Mike Lundin.
8:18 of 1st period - Stopped by Michal Neuvirth without a rebound.
8:19 of 1st period - Mike Ribeiro wins face-off versus Peter Mueller in Canucks zone.
8:34 of 1st period - Snap shot by Clarke MacArthur.
8:34 of 1st period - Stopped by Rick DiPietro without a rebound.
8:35 of 1st period - Mike Ribeiro wins face-off versus Dave Steckel in Blue Jackets zone.
8:57 of 1st period - Icing by Mike Lundin.
8:58 of 1st period - Peter Mueller wins face-off versus Matt Stajan in Blue Jackets zone.
9:09 of 1st period - Snap shot by Jiri Hudler.
9:09 of 1st period - Stopped by Rick DiPietro with a rebound.
9:51 of 1st period - Snap shot by Andreas Nodl.
9:51 of 1st period - Shot Blocked by Jamie McBain.
10:30 of 1st period - Peter Worrell is hit by Matt Stajan and loses puck.
11:03 of 1st period - Snap shot by David Booth.
11:03 of 1st period - Shot Blocked by Danny DeKeiser.
11:21 of 1st period - Martin Havlat is hit by Brad Boyes and loses puck.
12:10 of 1st period - Dave Steckel is hit by Mike Ribeiro and loses puck.
12:46 of 1st period - Icing by Danny DeKeiser.
12:47 of 1st period - Dave Steckel wins face-off versus Maxim Lapierre in Canucks zone.
12:48 of 1st period - Snap shot by Mike Brown.
12:48 of 1st period - Stopped by Michal Neuvirth with a rebound.
13:14 of 1st period - Snap shot by Jiri Hudler.
13:14 of 1st period - Shot Blocked by François Beauchemin.
13:34 of 1st period - Slapshot by Peter Mueller.
13:34 of 1st period - Goal by Peter Mueller - Canucks : 1 - Blue Jackets : 2.
13:35 of 1st period - Peter Mueller wins face-off versus Mike Ribeiro in neutral zone.
13:52 of 1st period - Slapshot by Peter Mueller.
13:52 of 1st period - Stopped by Michal Neuvirth without a rebound.
13:53 of 1st period - Dave Steckel wins face-off versus Mike Ribeiro in Canucks zone.
13:58 of 1st period - Slapshot by Mike Brown.
13:58 of 1st period - Deflect By Peter Worrell.
13:58 of 1st period - Stopped by Michal Neuvirth without a rebound.
13:59 of 1st period - Mike Ribeiro wins face-off versus Dave Steckel in Canucks zone.
14:30 of 1st period - Slapshot by David Booth.
14:30 of 1st period - Shot Blocked by Jamie McBain.
14:51 of 1st period - Snap shot by Ryan Hollweg.
14:51 of 1st period - Stopped by Rick DiPietro without a rebound.
14:52 of 1st period - Mike York wins face-off versus Peter Prucha in Blue Jackets zone.
15:01 of 1st period - Wrist shot by Mike York.
15:01 of 1st period - Stopped by Michal Neuvirth without a rebound.
15:02 of 1st period - Mike Ribeiro wins face-off versus Peter Mueller in Canucks zone.
15:11 of 1st period - Snap shot by David Booth.
15:11 of 1st period - Stopped by Michal Neuvirth without a rebound.
15:12 of 1st period - Peter Mueller wins face-off versus Clarke MacArthur in Canucks zone.
16:29 of 1st period - Snap shot by David Booth.
16:29 of 1st period - Shot Misses the Net.
16:37 of 1st period - Clarke MacArthur is hit by Peter Mueller and loses puck.
16:55 of 1st period - Tim Ramholt is hit by Jamie McBain and loses puck.
17:14 of 1st period - Slapshot by Alex Goligoski.
17:14 of 1st period - Deflect By David Booth.
17:14 of 1st period - Stopped by Rick DiPietro with a rebound.
17:40 of 1st period - Snap shot by Peter Mueller.
17:40 of 1st period - Shot Blocked by Jamie McBain.
17:42 of 1st period - Snap shot by Peter Mueller.
17:42 of 1st period - Goal by Peter Mueller - Canucks : 1 - Blue Jackets : 3.
17:43 of 1st period - Matt Stajan wins face-off versus Dave Steckel in neutral zone.
18:09 of 1st period - Mike York is hit by Ben Lovejoy and loses puck.
18:53 of 1st period - Danny DeKeiser is hit by Andreas Nodl and loses puck.
19:55 of 1st period - A.J Thelen is hit by Martins Karsums and loses puck.
Goals for this period are 1 for Canucks vs 3 for Blue Jackets.
Shots for this period are 11 for Canucks vs 11 for Blue Jackets.

2nd period


0:01 of 2nd period - Mike Ribeiro wins face-off versus Peter Mueller in neutral zone.
0:04 of 2nd period - Slapshot by Alex Goligoski.
0:04 of 2nd period - Shot Misses the Net.
0:06 of 2nd period - Snap shot by Jamie McBain.
0:06 of 2nd period - Shot Blocked by Branislav Mezei.
0:08 of 2nd period - Slapshot by Alex Goligoski.
0:08 of 2nd period - Stopped by Rick DiPietro without a rebound.
0:09 of 2nd period - Mike Ribeiro wins face-off versus Peter Mueller in Blue Jackets zone.
0:18 of 2nd period - Slapshot by Clarke MacArthur.
0:18 of 2nd period - Shot Misses the Net.
0:20 of 2nd period - Slapshot by Jamie McBain.
0:20 of 2nd period - Shot Misses the Net.
0:53 of 2nd period - Wrist shot by Brad Boyes.
0:53 of 2nd period - Shot Misses the Net.
0:55 of 2nd period - Snap shot by Mike Ribeiro.
0:55 of 2nd period - Shot Misses the Net.
0:57 of 2nd period - Slapshot by Jamie McBain.
0:57 of 2nd period - Shot Misses the Net.
0:59 of 2nd period - Wrist shot by Mike Ribeiro.
0:59 of 2nd period - Goal by Mike Ribeiro - Canucks : 2 - Blue Jackets : 3.
1:00 of 2nd period - Dave Steckel wins face-off versus Jiri Hudler in neutral zone.
1:15 of 2nd period - Off-side.
1:16 of 2nd period - David Booth wins face-off versus Mike Ribeiro in neutral zone.
1:19 of 2nd period - Slapshot by Martin Havlat.
1:19 of 2nd period - Stopped by Michal Neuvirth with a rebound.
2:02 of 2nd period - Icing by Jiri Hudler.
2:03 of 2nd period - Matt Stajan wins face-off versus Peter Mueller in Canucks zone.
2:29 of 2nd period - Off-side.
2:30 of 2nd period - Kevin Porter wins face-off versus Brad Boyes in neutral zone.
2:35 of 2nd period - Slapshot by Kevin Porter.
2:35 of 2nd period - Shot Misses the Net.
2:42 of 2nd period - Slapshot by François Beauchemin.
2:42 of 2nd period - Deflect By Alex Goligoski.
2:42 of 2nd period - Stopped by Michal Neuvirth with a rebound.
2:44 of 2nd period - Slapshot by François Beauchemin.
2:44 of 2nd period - Stopped by Michal Neuvirth with a rebound.
3:00 of 2nd period - Slapshot by Jamie McBain.
3:00 of 2nd period - Stopped by Rick DiPietro without a rebound.
3:01 of 2nd period - David Booth wins face-off versus Maxim Lapierre in Blue Jackets zone.
3:01 of 2nd period - David Booth is hit by Peter Prucha.
3:11 of 2nd period - Wrist shot by Martin Havlat.
3:11 of 2nd period - Stopped by Michal Neuvirth without a rebound.
3:12 of 2nd period - Mike Ribeiro wins face-off versus Peter Mueller in Canucks zone.
3:23 of 2nd period - Wrist shot by Clarke MacArthur.
3:23 of 2nd period - Shot Misses the Net.
3:36 of 2nd period - Icing by Alex Goligoski.
3:37 of 2nd period - Maxim Lapierre wins face-off versus Dave Steckel in Canucks zone.
3:50 of 2nd period - Slapshot by Peter Prucha.
3:50 of 2nd period - Stopped by Rick DiPietro without a rebound.
3:51 of 2nd period - Mike Ribeiro wins face-off versus Peter Mueller in Blue Jackets zone.
3:52 of 2nd period - Snap shot by Brad Boyes.
3:52 of 2nd period - Stopped by Rick DiPietro without a rebound.
3:53 of 2nd period - Mike Ribeiro wins face-off versus Peter Mueller in Blue Jackets zone.
3:57 of 2nd period - Minor Penalty to Martin Havlat for Slashing.
3:58 of 2nd period - David Booth wins face-off versus Brad Boyes in Blue Jackets zone.
4:12 of 2nd period - Slapshot by Alex Goligoski.
4:12 of 2nd period - Shot Blocked by David Booth.
4:14 of 2nd period - Wrist shot by Alex Goligoski.
4:14 of 2nd period - Stopped by Rick DiPietro with a rebound.
5:55 of 2nd period - Wrist shot by Jiri Hudler.
5:55 of 2nd period - Shot Blocked by François Beauchemin.
5:57 of 2nd period - Penalty to Martin Havlat is over, Martin Havlat is back on ice.
5:57 of 2nd period - Snap shot by Danny DeKeiser.
5:57 of 2nd period - Stopped by Rick DiPietro with a rebound.
5:59 of 2nd period - Slapshot by Alex Goligoski.
5:59 of 2nd period - Shot Blocked by David Booth.
6:01 of 2nd period - Slapshot by Alex Goligoski.
6:01 of 2nd period - Stopped by Rick DiPietro with a rebound.
6:03 of 2nd period - Wrist shot by Matt Stajan.
6:03 of 2nd period - Stopped by Rick DiPietro without a rebound.
6:04 of 2nd period - Maxim Lapierre wins face-off versus Dave Steckel in Blue Jackets zone.
6:09 of 2nd period - Backhand shot by Ryan Hollweg.
6:09 of 2nd period - Shot Blocked by Dave Steckel.
7:01 of 2nd period - Off-side.
7:02 of 2nd period - Mike Ribeiro wins face-off versus Peter Mueller in neutral zone.
7:07 of 2nd period - Wrist shot by Brad Boyes.
7:07 of 2nd period - Shot Misses the Net.
7:12 of 2nd period - Icing by Martin Havlat.
7:13 of 2nd period - Mike Ribeiro wins face-off versus Peter Mueller in Blue Jackets zone.
7:16 of 2nd period - Slapshot by Clarke MacArthur.
7:16 of 2nd period - Shot Misses the Net.
7:58 of 2nd period - Ben Lovejoy is hit by Branislav Mezei.
8:35 of 2nd period - Wrist shot by Nik Antropov.
8:35 of 2nd period - Shot Misses the Net.
8:37 of 2nd period - Slapshot by Shaone Morrisonn.
8:37 of 2nd period - Shot Misses the Net.
9:25 of 2nd period - Jamie McBain is hit by Martin Havlat and loses puck.
10:06 of 2nd period - Snap shot by Matt Stajan.
10:06 of 2nd period - Shot Misses the Net.
11:08 of 2nd period - Snap shot by Matt Stajan.
11:08 of 2nd period - Shot Blocked by Branislav Mezei.
11:22 of 2nd period - Brad Boyes is hit by Mike Lundin.
11:57 of 2nd period - Ryan O'Byrne is hit by Clarke MacArthur and loses puck.
12:14 of 2nd period - Sami Lepisto is hit by Ryan O'Byrne and loses puck.
15:48 of 2nd period - Icing by Jeff Taffe.
15:49 of 2nd period - Nik Antropov wins face-off versus Dave Steckel in Blue Jackets zone.
15:54 of 2nd period - Slapshot by Jamie McBain.
15:54 of 2nd period - Shot Blocked by Branislav Mezei.
15:56 of 2nd period - Snap shot by Darren Helm.
15:56 of 2nd period - Shot Blocked by Branislav Mezei.
15:58 of 2nd period - Snap shot by Darren Helm.
15:58 of 2nd period - Stopped by Rick DiPietro with a rebound.
16:59 of 2nd period - Mike Commodore is hit by Jiri Hudler and loses puck.
17:06 of 2nd period - Mike York is hit by Matt Stajan and loses puck.
18:15 of 2nd period - Martin Havlat is hit by Ryan Hollweg and loses puck.
18:42 of 2nd period - Off-side.
18:43 of 2nd period - Mike Ribeiro wins face-off versus Peter Mueller in neutral zone.
19:21 of 2nd period - Snap shot by Martin Havlat.
19:21 of 2nd period - Stopped by Michal Neuvirth without a rebound.
19:22 of 2nd period - Mike Ribeiro wins face-off versus David Booth in Canucks zone.
19:22 of 2nd period - Mike Ribeiro is hit by Branislav Mezei.
19:55 of 2nd period - Peter Prucha is hit by Mike York and loses puck.
Goals for this period are 1 for Canucks vs 0 for Blue Jackets.
Shots for this period are 10 for Canucks vs 5 for Blue Jackets.

3rd period


0:01 of 3rd period - Peter Mueller wins face-off versus Mike Ribeiro in neutral zone.
0:48 of 3rd period - Jamie McBain is hit by Kevin Porter and loses puck.
1:10 of 3rd period - Off-side.
1:11 of 3rd period - Mike Ribeiro wins face-off versus Peter Mueller in neutral zone.
1:16 of 3rd period - Snap shot by Ben Lovejoy.
1:16 of 3rd period - Stopped by Rick DiPietro without a rebound.
1:17 of 3rd period - Peter Mueller wins face-off versus Mike Ribeiro in Blue Jackets zone.
1:28 of 3rd period - Wrist shot by David Booth.
1:28 of 3rd period - Stopped by Michal Neuvirth without a rebound.
1:29 of 3rd period - Mike Ribeiro wins face-off versus Peter Mueller in Canucks zone.
1:40 of 3rd period - Snap shot by Clarke MacArthur.
1:40 of 3rd period - Stopped by Rick DiPietro with a rebound.
2:34 of 3rd period - Snap shot by Martin Havlat.
2:34 of 3rd period - Stopped by Michal Neuvirth with a rebound.
2:49 of 3rd period - Slapshot by Brad Boyes.
2:49 of 3rd period - Shot Misses the Net.
2:51 of 3rd period - Wrist shot by Alex Goligoski.
2:51 of 3rd period - Deflect By Peter Mueller.
2:51 of 3rd period - Stopped by Rick DiPietro without a rebound.
2:52 of 3rd period - Matt Stajan wins face-off versus Dave Steckel in Blue Jackets zone.
3:19 of 3rd period - Branislav Mezei is hit by Peter Prucha and loses puck.
3:47 of 3rd period - Ben Lovejoy is hit by Peter Worrell and loses puck.
4:28 of 3rd period - A.J Thelen is hit by Darren Helm and loses puck.
6:50 of 3rd period - François Beauchemin is hit by Martins Karsums and loses puck.
8:31 of 3rd period - Matt Stajan is hit by Mike Lundin and loses puck.
9:22 of 3rd period - Jeff Taffe is hit by Ryan Hollweg and loses puck.
10:34 of 3rd period - Danny DeKeiser is hit by Mike Brown and loses puck.
11:20 of 3rd period - Icing by Alex Goligoski.
11:21 of 3rd period - Matt Stajan wins face-off versus Dave Steckel in Canucks zone.
11:28 of 3rd period - Dave Steckel is hit by Matt Stajan and loses puck.
11:33 of 3rd period - Snap shot by Jiri Hudler.
11:33 of 3rd period - Shot Misses the Net.
11:45 of 3rd period - Brad Boyes is hit by Jeff Taffe and loses puck.
12:04 of 3rd period - Martin Havlat is hit by Ryan Hollweg and loses puck.
12:21 of 3rd period - Minor Penalty to David Booth for Goalie Interference.
12:22 of 3rd period - Mike Ribeiro wins face-off versus Kevin Porter in Blue Jackets zone.
12:23 of 3rd period - Wrist shot by Brad Boyes.
12:23 of 3rd period - Shot Misses the Net.
12:25 of 3rd period - Slapshot by Alex Goligoski.
12:25 of 3rd period - Stopped by Rick DiPietro with a rebound.
12:27 of 3rd period - Slapshot by Alex Goligoski.
12:27 of 3rd period - Stopped by Rick DiPietro with a rebound.
12:29 of 3rd period - Wrist shot by Alex Goligoski.
12:29 of 3rd period - Deflect By Clarke MacArthur.
12:29 of 3rd period - Stopped by Rick DiPietro without a rebound.
12:30 of 3rd period - Kevin Porter wins face-off versus Mike Ribeiro in Blue Jackets zone.
13:45 of 3rd period - Wrist shot by Nik Antropov.
13:45 of 3rd period - Stopped by Rick DiPietro with a rebound.
14:21 of 3rd period - Penalty to David Booth is over, David Booth is back on ice.
14:27 of 3rd period - Snap shot by Martin Havlat.
14:27 of 3rd period - Shot Blocked by Jamie McBain.
14:29 of 3rd period - Wrist shot by Mike Lundin.
14:29 of 3rd period - Stopped by Michal Neuvirth with a rebound.
14:31 of 3rd period - Slapshot by Mike Lundin.
14:31 of 3rd period - Shot Misses the Net.
14:33 of 3rd period - Slapshot by Dave Steckel.
14:33 of 3rd period - Stopped by Michal Neuvirth with a rebound.
14:35 of 3rd period - Wrist shot by David Booth.
14:35 of 3rd period - Stopped by Michal Neuvirth without a rebound.
14:36 of 3rd period - Mike Ribeiro wins face-off versus Kevin Porter in Canucks zone.
14:59 of 3rd period - Snap shot by Ryan Hollweg.
14:59 of 3rd period - Shot Misses the Net.
15:11 of 3rd period - Slapshot by Andreas Nodl.
15:11 of 3rd period - Stopped by Michal Neuvirth without a rebound.
15:12 of 3rd period - Clarke MacArthur wins face-off versus Peter Worrell in Canucks zone.
15:39 of 3rd period - Tim Ramholt is hit by Chris Higgins.
15:45 of 3rd period - Wrist shot by Martin Havlat.
15:45 of 3rd period - Stopped by Michal Neuvirth without a rebound.
15:46 of 3rd period - Peter Mueller wins face-off versus Mike Ribeiro in Canucks zone.
15:53 of 3rd period - Slapshot by Martin Havlat.
15:53 of 3rd period - Stopped by Michal Neuvirth without a rebound.
15:54 of 3rd period - Mike Ribeiro wins face-off versus Peter Mueller in Canucks zone.
15:59 of 3rd period - Snap shot by David Booth.
15:59 of 3rd period - Stopped by Michal Neuvirth without a rebound.
16:00 of 3rd period - Mike Ribeiro wins face-off versus David Booth in Canucks zone.
16:00 of 3rd period - Mike Ribeiro is hit by Jeff Taffe.
16:06 of 3rd period - Jeff Taffe is hit by Mike Ribeiro and loses puck.
17:07 of 3rd period - Ben Lovejoy is hit by Peter Worrell and loses puck.
17:16 of 3rd period - Minor Penalty to Mike Brown for Hooking.
17:17 of 3rd period - David Booth wins face-off versus Mike Ribeiro in Blue Jackets zone.
17:30 of 3rd period - Wrist shot by Martin Havlat.
17:30 of 3rd period - Stopped by Michal Neuvirth with a rebound.
19:16 of 3rd period - Penalty to Mike Brown is over, Mike Brown is back on ice.
19:17 of 3rd period - Canucks, Michal Neuvirth is pulled from the net.
19:21 of 3rd period - Snap shot by Matt Stajan.
19:21 of 3rd period - Stopped by Rick DiPietro without a rebound.
19:22 of 3rd period - John Tortorella call a timeout for Canucks.
19:22 of 3rd period - Peter Mueller wins face-off versus Matt Stajan in Blue Jackets zone.
19:26 of 3rd period - Off-side.
19:27 of 3rd period - Peter Mueller wins face-off versus Mike Ribeiro in neutral zone.
Goals for this period are 0 for Canucks vs 0 for Blue Jackets.
Shots for this period are 8 for Canucks vs 10 for Blue Jackets.